 Dungeon Crawl Stone Soup version 0.32-a0-868-g153ae1a8d6 (webtiles) character file.

Game seed: 8360341565078868587

466 wilfster70 the Ruffian (level 6, 0/51 HPs)
             Began as a Draconian Shapeshifter on Mar 28, 2024.
             Was a Believer of Dithmenos.
             Slain by a mummy (1 damage)
             ... in an ossuary.
             The game lasted 00:09:43 (3527 turns).

wilfster70 the Ruffian (Draconian Shapeshifter)     Turns: 3527, Time: 00:09:43

Health: 0/51       AC:  6    Str: 16 (19) XL:     6   Next: 81%
Magic:  6/6        EV: 10    Int:  9 (10) God:    Dithmenos [**....]
Gold:   131        SH:  0    Dex:  8 (10) Spells: 5/5 levels left

rFire   . .          .
                       - Unarmed
rCold   . . .        (no shield)
rNeg    . . .        (body armour unavailable)
rPois   .            (helmet currently unavailable)
rElec   .            i - melded +0 cloak
rCorr   .            (gloves currently unavailable)
SInv    +            (boots currently unavailable)
Will    .....        (no amulet)
Stlth   +            e - ring of see invisible
HPRegen 0.28/turn    (no ring)
MPRegen 0.10/turn

%: no passive effects
@: beast-form, wreathed by umbra
A: beast (slay +2), AC +6, unfitting armour, cold-blooded
a: Begin Untransformation, Renounce Religion, Shadow Step


You were in an ossuary.
You worshipped Dithmenos.
Dithmenos was pleased with you.
You were a hulking beast.
You visited 2 branches of the dungeon, and saw 5 of its levels.
You also visited: Ossuary.

You collected 131 gold pieces.

Inventory:

Missiles
 g - 14 poisoned darts (quivered)
 l - a throwing net
Armour
 i - a +0 cloak (melded)
Jewellery
 e - a ring of see invisible (left hand)
Talismans
 b - a beast talisman (active)
 c - a flux talisman
 m - a blade talisman
Wands
 n - a wand of paralysis (11)
Scrolls
 f - a scroll of teleportation
 h - a scroll of identify {unknown}
Potions
 a - a potion of lignification
 d - a potion of heal wounds {unknown}
 k - a potion of curing {unknown}
 o - a potion of mutation {unknown}


   Skills:
 - Level 3.0 Fighting
 - Level 1.7 Dodging
 + Level 5.9 Unarmed Combat
 + Level 4.8 Shapeshifting


You had 5 spell levels left.
You didn't know any spells.
Your spell library contained the following spells:

 Spells                   Type           Power      Damage    Failure   Level
 Summon Ice Beast         Ice/Summ       0%         N/A       77%         3
 Summon Lightning Spire   Summ/Air       0%         N/A       99%         4
 Lee's Rapid Deconstruct  Erth           0%         3d4*      100%        5
 Summon Mana Viper        Hex/Summ       0%         N/A       100%        5
 Monstrous Menagerie      Summ           0%         N/A       100%        7
 Animate Armour           Summ/Erth      Unusable   N/A       N/A         4

Dungeon Overview and Level Annotations

Branches:
Dungeon (4/15)             Temple (1/1) D:4         Ossuary (1/1)

Altars:
Ashenzari
Cheibriados
Dithmenos
Elyvilon
Fedhas
Gozag
Hepliaklqana
Kikubaaqudgha
Makhleb
Okawaru
Qazlal
Ru
Sif Muna
Trog
Uskayaw
Vehumet
Wu Jian
Xom
Yredelemnul
Zin
The Shining One


Innate Abilities, Weirdness & Mutations

You are a hulking beast.
Your limbs bulge with bestial killing power. (Slay +2)
Your plain brown scales are hard. (AC +6)
You cannot fit into any form of body armour.
You are cold-blooded and may be slowed by cold attacks.


Message History

There is a sand-covered staircase here.
The howler monkey hoots and howls with incredible vigour!
The gnoll hits you with a +0 club. The gnoll hits you with a +0 spear.
The world spins around you as you enter the gateway.
You enter an ossuary!
Found a gate leading back out of this place.
There is an empty arch of ancient stone here.
The crocodile zombie barely misses you.
You hit the mummy.
The mummy is lightly damaged.
The mummy barely misses you.
The crocodile zombie bites you but does no damage.
You hit the mummy.
The mummy is lightly damaged.
The mummy closely misses you.
You punch the mummy!
The mummy is heavily damaged.
The crocodile zombie bites you!
* * * LOW HITPOINT WARNING * * *
The crocodile zombie drags you backwards!
You hit the crocodile zombie. Your punch misses the crocodile zombie.
The crocodile zombie is lightly damaged.
The crocodile zombie barely misses you. The mummy closely misses you.
You punch the crocodile zombie!
The crocodile zombie is moderately damaged.
The crocodile zombie completely misses you.
You hit the crocodile zombie but do no damage.
You tail-slap the crocodile zombie, but do no damage.
The crocodile zombie is moderately damaged.
The mummy hits you.
* * * LOW HITPOINT WARNING * * *
You punch the crocodile zombie!
The crocodile zombie is heavily damaged.
The crocodile zombie bites you!
* * * LOW HITPOINT WARNING * * *
It was a potion of degeneration.
There was something very wrong with that liquid.
You feel weakened.
You feel dopey.
You feel clumsy. The mummy hits you.
You die...

#.....#
#.....#
#..∩..#
#.....#
#.....#
#..∩..#
#.....#
#.....#
#Zh...#
#..M..#
##...##
#####


You could see a mummy and a crocodile zombie.

Vanquished Creatures
  Eustachio (D:4)
  A howler monkey (D:4)
  3 bombardier beetles
  Crazy Yiuf (D:2)
  3 gnolls (D:3)
  6 adders
  2 dart slugs
  2 ribbon worms (D:2)
  4 orcs
  8 ball pythons
  6 endoplasms
  2 giant cockroaches (D:1)
  5 goblins
  2 hobgoblins
  A quokka (D:1)
  7 bats
  4 frilled lizards
  10 kobolds
  7 rats
75 creatures vanquished.

Notes
Turn   | Place    | Note
-------+----------+-------------------------------------------
     0 | D:1      | wilfster70 the Draconian Shapeshifter began the quest for
                  | the Orb.
     0 | D:1      | Reached XP level 1. HP: 16/16 MP: 1/1
   167 | D:1      | Found a faded altar of an unknown god.
   179 | D:1      | Prayed at the altar of an unknown god.
   179 | D:1      | Became a worshipper of Dithmenos the Shadowed
   179 | D:1      | Reached * piety under Dithmenos
   192 | D:1      | Reached XP level 2. HP: 20/23 MP: 2/2
  1145 | D:2      | Reached XP level 3. HP: 19/29 MP: 3/3
  1742 | D:2      | Found a runed translucent door.
  1743 | D:2      | Noticed Crazy Yiuf
  1754 | D:2      | Killed Crazy Yiuf
  1755 | D:2      | Reached skill level 4 in Unarmed Combat
  1755 | D:2      | Reached XP level 4. HP: 11/36 MP: 4/4
  2145 | D:3      | Reached ** piety under Dithmenos
  2146 | D:3      | Reached XP level 5. HP: 37/44 MP: 5/5
  2437 | D:3      | Found a snail-covered altar of Cheibriados.
  2782 | D:3      | Reached skill level 5 in Unarmed Combat
  3136 | D:4      | Noticed Eustachio
  3160 | D:4      | Killed Eustachio
  3161 | D:4      | Reached XP level 6. HP: 15/51 MP: 6/6
  3369 | D:4      | Found a staircase to the Ecumenical Temple.
  3379 | D:4      | HP: 2/51 [orc/+0 trident (2)]
  3492 | Temple   | Entered the Ecumenical Temple
  3509 | D:4      | Found a sand-covered staircase.
  3516 | Ossuary  | Entered an ossuary
  3526 | Ossuary  | HP: 1/51 [crocodile zombie (9)]
  3527 | Ossuary  | Slain by a mummy

Illustrated notes

Levels and vault maps discovered:
D:1:      minmay_arrival_floating_metal, layout_basic,
          dreamdust_ecumenical_altar_grove, minmay_heptomino_d4
D:2:      layout_loops_ring, uniq_crazy_yiuf_cottage, uniq_jessica
D:3:      layout_basic, slow_altar_2
D:4:      minmay_chambers_of_fours, layout_loops_ring,
          minmay_temple_entry_mini_moons, enter_ossuary_2, uniq_eustachio
Temple:   nicolae_temple_bog_church
Ossuary:  ossuary_the_hunt_dpeg

Skill      XL: |  1  2  3  4  5 |
---------------+----------------+-----
Fighting       | 2 3 |  3.0
Unarmed Combat | 4 5 |  5.9
Shapeshifting  | 4 |  4.8
Dodging        | |  1.7

Action                     |  1- 3 |  4- 6 || total
---------------------------+-------+-------++-------
  Melee: Unarmed           |   112 |   149 ||   261
         Tailslap          |     5 |    11 ||    16
         Punch             |     1 |     4 ||     5
    Use: Scroll            |       |     4 ||     4
         Potion            |       |     2 ||     2
   Stab: Sleeping          |     1 |     2 ||     3
 Armour: Skin              |    66 |    77 ||   143
  Dodge: Dodged            |    58 |    90 ||   148
         Form:             |       |     1 ||     1
         Beast             |       |     1 ||     1

Table legend: (Time is in decaauts)
 A = Elapsed time spent in this place.
 B = Non-inter-level travel time spent in this place.
 C = Inter-level travel time spent in this place.
 D = Time resting spent in this place.
 E = Time spent auto-exploring this place.
 F = Levels seen in this place.
 G = Mean time per level.
                   A        B        C        D        E       F      G
               +--------+--------+--------+--------+--------+-----+--------+
         Total |   3527 |   3409 |    118 |    601 |   1385 |   6 |  587.8 |
       Dungeon |   3515 |   3397 |    118 |    601 |   1385 |   4 |  878.8 |
        Temple |      1 |      1 |      0 |      0 |      0 |   1 |    1.0 |
       Ossuary |     10 |     10 |      0 |      0 |      0 |   1 |   10.0 |
               +--------+--------+--------+--------+--------+-----+--------+

Top non-repeatable levels by time:
     D:2: 1040 daAuts
     D:1: 1023 daAuts
     D:3: 1005 daAuts
     D:4: 445 daAuts
 Ossuary: 10 daAuts
  Temple: 1 daAuts
